 Dungeon Crawl Stone Soup version 0.22-a0-293-gc9362ec (webtiles) character file.

237860 Spoonicorn the Executioner (level 18, -5/173 HPs)
             Began as a Minotaur Berserker on Mar 22, 2018.
             Was the Champion of Trog.
             Killed from afar by Nikola (34 damage)
             ... with a chain lightning
             ... on level 1 of the Swamp on Mar 24, 2018.
             The game lasted 01:58:36 (31596 turns).

Spoonicorn the Executioner (Minotaur Berserker)    Turns: 31596, Time: 01:58:37

Health: -5/173     AC: 25    Str: 31    XL:     18   Next: 98%
Magic:  0/6        EV: 15    Int:  4    God:    Trog [******]
Gold:   1857       SH:  2    Dex: 23    Spells: 17/17 levels left

rFire    + . .     SeeInvis .   a - +6 executioner's axe (antimagic)
rCold    . . .     Gourm    .   (shield currently unavailable)
rNeg     + . .     Faith    .   n - +0 plate armour of Foolhardiness {rF+ Dex+4}
rPois    +         Spirit   +   A - +2 hat of the Bear Spirit {Spirit, +Rage rN+ MR++}
rElec    .         Reflect  +   J - +0 cloak
rCorr    .         Harm     .   V - +1 pair of gloves "Soycrov" {*Drain rPois Str+3 Dex+4}
MR       +++..                  B - +0 pair of boots
Stlth    ..........             N - +2 amulet of reflection
HPRegen  0.38/turn              G - +3 ring of dexterity
MPRegen  0.10/turn              C - +6 ring of slaying

@: no status effects
A: retaliatory headbutt, horns 2
}: 1/15 runes: serpentine
a: Berserk, Trog's Hand, Brothers in Arms, Renounce Religion, Evoke Berserk Rage


You were on level 1 of the Swamp.
You worshipped Trog.
Trog was exalted by your worship.
You were not hungry.

You visited 7 branches of the dungeon, and saw 30 of its levels.
You also visited: Labyrinth.

You collected 2921 gold pieces.
You spent 1064 gold pieces at shops.

Inventory:

Hand Weapons
 a - a +6 antimagic executioner's axe (weapon)
Missiles
 x - 8 steel javelins (quivered)
Armour
 j - a +2 plate armour of cold resistance
 n - the +0 plate armour of Foolhardiness (worn) {rF+ Dex+4}
   (You found it on level 3 of the Lair of Beasts)

   It affects your dexterity (+4).
   It protects you from fire.
 A - the +2 hat of the Bear Spirit (worn) {Spirit, +Rage rN+ MR++}
   (You found it on level 4 of the Dungeon)

   It protects you from negative energy.
   It affects your resistance to hostile enchantments.
   It lets you go berserk.
 B - a +0 pair of boots (worn)
 J - a +0 cloak (worn)
 V - the +1 pair of gloves "Soycrov" (worn) {*Drain rPois Str+3 Dex+4}
   (You found it on level 11 of the Dungeon)

   It affects your strength (+3).
   It affects your dexterity (+4).
   It protects you from poison.
   It causes draining when unequipped.
Jewellery
 l - an uncursed ring of see invisible
 t - an uncursed ring of protection from fire
 C - a +6 ring of slaying (right hand)
 D - an uncursed ring of positive energy
 G - a +3 ring of dexterity (left hand)
 N - a +2 amulet of reflection (around neck)
Wands
 b - a wand of disintegration (27)
 y - a wand of digging (34)
 K - a wand of clouds (13)
 M - a wand of iceblast (24)
 Q - a wand of paralysis (10)
 U - a wand of enslavement (11)
 W - a wand of acid (7)
 Y - a wand of scattershot (5)
Scrolls
 d - 10 scrolls of enchant armour
 f - 8 scrolls of immolation
 g - 17 scrolls of identify
 h - 17 scrolls of remove curse
 k - 15 scrolls of teleportation
 o - 2 scrolls of fog
 s - 3 scrolls of fear
 z - 4 scrolls of enchant weapon
 O - 7 scrolls of blinking
 T - 2 scrolls of magic mapping
 X - a scroll of brand weapon
Potions
 e - 4 potions of haste
 i - 3 potions of mutation
 m - 3 potions of agility
 p - 2 potions of might
 q - 3 potions of heal wounds
 r - 3 potions of lignification
 v - a potion of berserk rage
 w - 3 potions of resistance {unknown}
 F - 2 potions of magic {unknown}
 H - 2 potions of invisibility {unknown}
 I - 12 potions of curing
 L - 3 potions of brilliance
 P - 2 potions of ambrosia {unknown}
 R - 7 potions of flight
 S - a potion of cancellation
Comestibles
 c - 46 rations


   Skills:
 + Level 18.7 Fighting
 - Level 26.0 Axes
 + Level 15.8 Armour
 + Level 8.2 Dodging
 - Level 2.2 Evocations


You had 17 spell levels left.
You didn't know any spells.

Dungeon Overview and Level Annotations

Branches:
Dungeon (15/15)            Temple (0/1) D:7            Lair (6/6) D:11
  Swamp (1/4) Lair:3        Snake (4/4) Lair:3        Slime (1/5) Lair:6
    Orc (2/2) D:9             Elf (0/3) Orc:2        Vaults (0/5) D:13
 Depths (1/5) D:15

Altars:
Kikubaaqudgha
Trog
Xom
Zin
The Shining One
Jiyva

Shops:
D:8 ?   D:11 (   Orc:2 *(}[(   Snake:1 (%:

Portals:
Pandemonium: Depths:1

Annotations:
Swamp:1 Nikola


Innate Abilities, Weirdness & Mutations

You reflexively headbutt those who attack you in melee.
You have a pair of horns on your head.


Message History

Nikola gestures wildly while chanting.
Nikola blinks!
You barely miss the insubstantial wisp.
You destroy the insubstantial wisp!
Trog accepts your kill.
No target in view!
Unknown command.
No target in view!
Nikola mumbles some strange words.
You hear a mighty clap of thunder!
The lightning arc hits you!
The lightning arc hits the plant.
The lightning arc hits you!
The lightning arc hits Nikola.
The lightning arc hits you!
The lightning arc hits the plant.
You see here a robe.
Nikola gestures wildly while chanting.
You hear a mighty clap of thunder!
The lightning arc hits you!
* * * LOW HITPOINT WARNING * * *
The lightning arc hits Nikola.
The lightning arc hits you!
You die...

≈..≈≈.. ≈≈....≈
.≈...≈≈ ♣ .≈≈≈≈≈.
.≈♣♣♣ ≈.≈.... .
....P♣♣♣)..≈≈♣
♣.♣♣♣♣....@.≈..♣
....P♣♣♣♣.@..♣
♣♣♣♣♣.......[.♣♣
.♣♣♣♣≈≈≈♣♣♣♣..≈≈..♣
.............≈≈.≈♣♣
≈≈≈...≈.....≈≈.♣♣♣
≈≈≈..≈≈≈≈.....♣♣
...........≈♣♣♣
≈≈≈≈≈≈≈≈....≈♣♣
≈≈≈≈≈≈≈≈≈≈≈..≈♣♣


You could see Nikola.

Vanquished Creatures
  Rupert (Lair:4)
  Agnes (D:14)
  13 nagarajas
  A minotaur (Lab)
  Snorg (D:10)
  A fire dragon (Lair:5)
  Fannar (D:10)
  Harold (D:10)
  An ice dragon (Lair:6)
  2 rakshasas
  4 hydras
  A catoblepas (Lair:5)
  13 naga warriors
  5 centaur warriors
  7 anacondas
  Erica (D:8)
  14 two-headed ogres
  2 death knights
  An alligator (Swamp:1)
  Urug (Lair:4)
  2 orc high priests
  2 tengu warriors (D:13)
  An ogre mage (D:13)
  Nergalle (Lair:3)
  8 shock serpents
  7 naga sharpshooters
  A skeletal warrior (D:13)
  2 unseen horrors (D:10)
  6 salamander mystics
  8 naga ritualists
  A wolf spider zombie (D:15)
  A deep elf mage (D:13)
  3 lindwurms (Lair:6)
  7 mana vipers
  16 ugly things
  2 orc knights
  16 salamanders
  8 orc sorcerers (Orc:2)
  A manticore (D:14)
  A faun (shapeshifter) (D:15)
  A cyclops (D:15)
  23 elephants
  A gargoyle (D:15)
  28 naga magi
  2 guardian serpents
  Psyche (D:8)
  29 black mambas
  6 torpor snails
  9 spiny frogs
  16 rime drakes
  An efreet (D:12)
  2 freezing wraiths (D:15)
  9 komodo dragons
  2 polar bears (shapeshifter)
  3 trolls
  9 polar bears (Lair:6)
  5 tyrant leeches
  11 hornets
  Prince Ribbit (D:5)
  26 blink frogs
  3 raiju (Lair:6)
  8 slime creatures
  10 hippogriffs
  2 bog bodies
  6 dream sheep
  4 wraiths
  Sigmund (D:2)
  3 shadows
  A wyvern (Lair:6)
  A spriggan (shapeshifter) (D:15)
  A water elemental (Depths:1)
  52 yaks
  3 vampires
  8 redbacks (Snake:2)
  5 basilisks
  Grum (D:8)
  7 hungry ghosts
  10 steam dragons
  5 vampire mosquitoes
  Menkaure (D:6)
  6 wargs
  A soldier ant (D:13)
  45 nagas
  9 water moccasins
  14 hell hounds (Lair:6)
  8 insubstantial wisps
  A swamp drake (Swamp:1)
  7 porcupines
  13 black bears
  31 orc warriors
  5 sky beasts
  An eye of draining (D:8)
  4 ice beasts
  6 boggarts
  2 necrophages
  2 phantoms
  21 wolves
  17 ogres
  3 centaurs
  16 crocodiles
  7 big kobolds
  18 bullfrogs
  Blork the orc (D:6)
  A wyvern zombie (D:10)
  2 wyvern skeletons
  4 scorpions
  8 wights (D:10)
  7 howler monkeys
  4 electric eels
  5 crimson imps
  A bullfrog zombie (D:12)
  6 centaur zombies
  8 centaur skeletons
  9 hounds
  30 orc priests
  Crazy Yiuf (D:7)
  4 bullfrog skeletons
  4 jellies
  4 iguanas
  48 orc wizards
  Natasha (thrice) (D:4)
  7 worker ants
  3 worker ant zombies
  A gnoll (D:1)
  14 adders
  4 shadow imps
  An ooze (D:6)
  An adder zombie (D:5)
  A worm (D:3)
  2 dart slugs
  8 leopard geckos
  108 orcs
  6 bats
  7 giant cockroaches
  6 hobgoblins
  3 jackals (D:3)
  26 kobolds
  5 quokkas
  11 frilled lizards
  7 goblins
  A quokka zombie (D:6)
  9 rats
  A bush (D:7)
  6 fungi
  12 plants
  2 withered plants (D:8)
1122 creatures vanquished.

Vanquished Creatures (collateral kills)
  4 hydras
  A spriggan (Swamp:1)
  A hornet (Swamp:1)
  A hippogriff (D:13)
  4 yaks (Lair:1)
  An orc warrior (Orc:2)
  A centaur (D:13)
  A crocodile (Lair:1)
  3 bullfrogs
  A hound (D:13)
  An orc priest (Orc:2)
  An orc (D:13)
20 creatures vanquished.

Vanquished Creatures (others)
  A naga ritualist (Snake:4)
  An elephant (Lair:6)
  A rime drake (Lair:6)
  2 orc priests (Orc:2)
  An orc wizard (Orc:2)
  An orc (Orc:2)
  A bush (Lair:6)
  4 fungi
  20 plants
32 creatures vanquished.

Grand Total: 1174 creatures vanquished

Notes
Turn   | Place    | Note
-------+----------+-------------------------------------------
     0 | D:1      | Spoonicorn the Minotaur Berserker began the quest for the Orb.
     0 | D:1      | Reached XP level 1. HP: 19/19 MP: 0/0
    64 | D:1      | Reached skill level 4 in Axes
    64 | D:1      | Reached XP level 2. HP: 27/27 MP: 1/1
   625 | D:1      | Reached XP level 3. HP: 33/33 MP: 2/2
   963 | D:2      | Noticed Sigmund
   987 | D:2      | Killed Sigmund
   987 | D:2      | Reached ** piety under Trog
   987 | D:2      | Reached skill level 5 in Fighting
   987 | D:2      | Reached skill level 6 in Axes
   987 | D:2      | Reached XP level 4. HP: 36/42 MP: 3/3
   987 | D:2      | Reached XP level 5. HP: 42/48 MP: 4/4
  1120 | D:2      | Noticed an angel
  1121 | D:2      | Found a glowing silver altar of Zin.
  1745 | D:3      | Noticed a phantom
  1757 | D:3      | Killed a phantom
  1757 | D:3      | Reached skill level 7 in Axes
  1757 | D:3      | Reached XP level 6. HP: 19/56 MP: 5/5
  2296 | D:4      | Noticed Natasha
  2307 | D:4      | Killed Natasha
  2370 | D:4      | Reached *** piety under Trog
  2669 | D:4      | Noticed Natasha
  2673 | D:4      | Killed Natasha
  2673 | D:4      | Reached skill level 8 in Axes
  2703 | D:4      | Noticed Natasha
  2711 | D:4      | Killed Natasha
  2711 | D:4      | Reached XP level 7. HP: 53/62 MP: 6/6
  2750 | D:4      | Found the +2 hat of the Bear Spirit {Spirit, +Rage rN+ MR++}
  2932 | D:5      | Entered Level 5 of the Dungeon
  2996 | D:5      | Noticed Prince Ribbit
  3007 | D:5      | Killed Prince Ribbit
  3007 | D:5      | Reached skill level 9 in Axes
  3566 | D:5      | Reached XP level 8. HP: 68/70 MP: 7/7
  3623 | D:5      | Reached skill level 10 in Axes
  4097 | D:6      | Noticed Menkaure
  4103 | D:6      | Killed Menkaure
  4293 | D:6      | Noticed Blork the orc
  4299 | D:6      | Killed Blork the orc
  4574 | D:6      | Reached **** piety under Trog
  4681 | D:6      | Found a bloodstained altar of Trog.
  4692 | D:7      | Found a staircase to the Ecumenical Temple.
  4696 | D:7      | Reached skill level 11 in Axes
  4746 | D:7      | Found a runed door.
  4750 | D:7      | Noticed Crazy Yiuf
  4757 | D:7      | Killed Crazy Yiuf
  4978 | D:7      | Found a shimmering altar of Xom.
  4979 | D:7      | Found a shimmering altar of Xom.
  4979 | D:7      | Found a shimmering altar of Xom.
  4980 | D:7      | Found a shimmering altar of Xom.
  4981 | D:7      | Found a shimmering altar of Xom.
  4982 | D:7      | Found a shimmering altar of Xom.
  4983 | D:7      | Found a shimmering altar of Xom.
  4983 | D:7      | Found a shimmering altar of Xom.
  4983 | D:7      | Found a shimmering altar of Xom.
  4985 | D:7      | Found a shimmering altar of Xom.
  5017 | D:7      | Reached XP level 9. HP: 79/79 MP: 8/8
  5103 | D:7      | Reached skill level 5 in Armour
  5367 | D:8      | Noticed Psyche
  5375 | D:8      | Killed Psyche
  5375 | D:8      | Reached skill level 12 in Axes
  5391 | D:8      | Noticed Erica
  5406 | D:8      | Killed Erica
  5406 | D:8      | Reached skill level 13 in Axes
  5406 | D:8      | Reached skill level 5 in Dodging
  5632 | D:8      | Reached ***** piety under Trog
  5657 | D:8      | Found an ancient bone altar of Kikubaaqudgha.
  5662 | D:8      | Noticed a two-headed ogre
  5667 | D:8      | Killed a two-headed ogre
  5667 | D:8      | Reached XP level 10. HP: 59/88 MP: 6/9
  5671 | D:8      | Reached skill level 14 in Axes
  5675 | D:8      | Noticed Grum
  5681 | D:8      | Killed Grum
  6115 | D:8      | Found Musyllo's Magic Scroll Shoppe.
  6121 | D:8      | Bought a scroll of blinking for 120 gold pieces
  6121 | D:8      | Bought a scroll of teleportation for 48 gold pieces
  6121 | D:8      | Bought a scroll of identify for 32 gold pieces
  6297 | D:9      | Received a gift from Trog
  6459 | D:9      | Found a staircase to the Orcish Mines.
  6534 | D:9      | Noticed a two-headed ogre
  6535 | D:9      | Reached skill level 15 in Axes
  6544 | D:9      | Killed a two-headed ogre
  7113 | D:10     | Entered Level 10 of the Dungeon
  7124 | D:10     | Reached XP level 11. HP: 63/95 MP: 5/10
  7211 | D:10     | Noticed a two-headed ogre
  7211 | D:10     | Noticed a two-headed ogre
  7216 | D:10     | Reached skill level 16 in Axes
  7222 | D:10     | Killed a two-headed ogre
  7224 | D:10     | Killed a two-headed ogre
  7292 | D:10     | Noticed an unseen horror
  7303 | D:10     | Killed an unseen horror
  7708 | D:10     | Noticed a two-headed ogre
  7713 | D:10     | Reached skill level 17 in Axes
  7724 | D:10     | Killed a two-headed ogre
  7770 | D:10     | Upgraded the game from 0.22-a0-284-g99d1f74 to 0.22-a0-292-g0df9d5f
  7854 | D:10     | Noticed Fannar
  7857 | D:10     | Noticed Snorg
  7863 | D:10     | Killed Fannar
  7863 | D:10     | Reached ****** piety under Trog
  7872 | D:10     | Killed Snorg
  7872 | D:10     | Reached skill level 10 in Fighting
  7878 | D:10     | Received a gift from Trog
  8057 | D:10     | Noticed an unseen horror
  8059 | D:10     | Killed an unseen horror
  8059 | D:10     | Reached skill level 18 in Axes
  8059 | D:10     | Reached XP level 12. HP: 83/106 MP: 8/11
  8185 | D:10     | Noticed Harold
  8200 | D:10     | Killed Harold
  8389 | D:11     | Noticed a centaur warrior
  8394 | D:11     | Noticed a two-headed ogre
  8395 | D:11     | Killed a centaur warrior
  8397 | D:11     | Killed a two-headed ogre
  8442 | D:11     | Received a gift from Trog
  8459 | D:11     | Found Reycwu's Antique Weapon Shoppe.
  8600 | D:11     | Noticed a two-headed ogre
  8605 | D:11     | Killed a two-headed ogre
  8655 | D:11     | Got a pair of brightly glowing gloves
  8667 | D:11     | Identified the +1 pair of gloves "Soycrov" {*Drain rPois Str+3 Dex+4} (You found it on level 11 of the Dungeon)
  8783 | D:11     | Found a staircase to the Lair.
  8796 | D:11     | Noticed a two-headed ogre
  8801 | D:11     | Killed a two-headed ogre
  9108 | Lair:1   | Entered Level 1 of the Lair of Beasts
  9179 | Lair:1   | Reached skill level 19 in Axes
  9749 | Lair:1   | Noticed an eight-headed hydra
  9756 | Lair:1   | Killed a nine-headed hydra
  9780 | Lair:1   | Received a gift from Trog
 10377 | Lair:2   | Reached XP level 13. HP: 104/117 MP: 4/12
 10802 | Lair:3   | Got a scorched plate armour
 10814 | Lair:3   | Identified the +0 plate armour of Foolhardiness {rF+ Dex+4} (You found it on level 3 of the Lair of Beasts)
 10922 | Lair:3   | Found a staircase to the Snake Pit.
 10972 | Lair:3   | Found a staircase to the Swamp.
 10993 | Lair:3   | Noticed Nergalle
 11000 | Lair:3   | Killed Nergalle
 11000 | Lair:3   | Reached skill level 20 in Axes
 11407 | Swamp:1  | Entered Level 1 of the Swamp
 11965 | Lair:4   | Noticed Rupert
 11974 | Lair:4   | Killed Rupert
 11974 | Lair:4   | Reached skill level 10 in Armour
 12408 | Lair:4   | Noticed Urug
 12417 | Lair:4   | Killed Urug
 12889 | Lair:5   | Reached skill level 21 in Axes
 12911 | Lair:5   | Reached XP level 14. HP: 73/127 MP: 3/13
 13586 | Lair:6   | Entered Level 6 of the Lair of Beasts
 14250 | Lair:6   | Reached skill level 22 in Axes
 14510 | Lair:6   | Found a viscous altar of Jiyva.
 14510 | Lair:6   | Found a staircase to the Slime Pits.
 14916 | Lair:6   | Found a runed door.
 15729 | Lair:6   | Reached skill level 23 in Axes
 15753 | Lair:6   | Found the +9 staff of Olgreb {rPois}
 16009 | Lair:6   | Received a gift from Trog
 16009 | Lair:6   | Reached XP level 15. HP: 119/137 MP: 4/14
 16546 | Orc:1    | Entered Level 1 of the Orcish Mines
 16612 | Orc:1    | Found a bloodstained altar of Trog.
 17021 | Orc:2    | Entered Level 2 of the Orcish Mines
 17393 | Orc:2    | Found Zurizam's General Store.
 17400 | Orc:2    | Bought a scroll of identify for 32 gold pieces
 17579 | Orc:2    | Received a gift from Trog
 17587 | Orc:2    | Found Emoxkim's Gadget Shop.
 17587 | Orc:2    | Found Lacalis's Antique Weapon Shop.
 18050 | Orc:2    | Found Xinaphou's Antique Armour Boutique.
 18057 | Orc:2    | Found Dejyxo's Antique Weapon Boutique.
 18121 | Orc:2    | Found a staircase to the Elven Halls.
 18239 | Orc:2    | Upgraded the game from 0.22-a0-292-g0df9d5f to 0.22-a0-293-gc9362ec
 18389 | D:8      | Bought a scroll of acquirement for 832 gold pieces
 18393 | D:8      | Got a pair of scorched gloves
 18396 | D:8      | Identified the -3 pair of gloves of Cocytus {rCorr MP+9 Dex+8 Stlth-} (You acquired it on level 8 of the Dungeon)
 19104 | D:13     | Received a gift from Trog
 19181 | D:13     | Reached skill level 24 in Axes
 19273 | D:13     | Found a labyrinth entrance.
 19285 | Lab      | Entered a labyrinth
 19902 | D:13     | Paralysed by a hornet for 3 turns
 20301 | D:13     | Found a gate to the Vaults.
 20849 | Snake:1  | Entered Level 1 of the Snake Pit
 21233 | Snake:1  | Found Hutoucao's Distillery.
 21233 | Snake:1  | Found Acuutini's Antique Weapon Shop.
 21234 | Snake:1  | Found Tuacs's Food Shop.
 21236 | Snake:1  | You fall through a shaft!
 21326 | Snake:2  | Received a gift from Trog
 21651 | Snake:1  | Found Wiph's Book Boutique.
 22085 | Snake:2  | Reached XP level 16. HP: 138/147 MP: 5/15
 22325 | Snake:2  | Reached skill level 25 in Axes
 23132 | Snake:2  | Reached skill level 15 in Fighting
 23506 | Snake:3  | Received a gift from Trog
 24706 | Snake:4  | Entered Level 4 of the Snake Pit
 24769 | Snake:4  | Reached skill level 26 in Axes
 25494 | Snake:4  | Received a gift from Trog
 25903 | Snake:4  | Reached XP level 17. HP: 152/158 MP: 5/16
 27079 | Snake:4  | Received a gift from Trog
 28460 | Snake:4  | Got a serpentine rune of Zot
 28831 | D:14     | Found a glowing golden altar of the Shining One.
 28831 | D:14     | Noticed Agnes
 28835 | D:14     | Killed Agnes
 28904 | D:14     | Received a gift from Trog
 28964 | D:14     | Reached skill level 15 in Armour
 29402 | D:15     | Entered Level 15 of the Dungeon
 30505 | D:15     | Received a gift from Trog
 30565 | D:15     | Found a staircase to the Depths.
 30674 | D:15     | Reached XP level 18. HP: 173/173 MP: 6/18
 30749 | Depths:1 | Entered Level 1 of the Depths
 30749 | Depths:1 | Found a one-way gate leading to the halls of Pandemonium.
 31336 | Slime:1  | Entered Level 1 of the Pits of Slime
 31582 | Swamp:1  | Noticed Nikola
 31596 | Swamp:1  | Killed from afar by Nikola

Vault maps used:
D:1:      dpeg_arrival_chambers_temple_mockup, grunt_decor_resistance
D:2:      zin_angel, first_ration, uniq_sigmund
D:4:      uniq_natasha
D:5:      uniq_prince_ribbit1
D:6:      lightli_temple_of_fire, minmay_crystal_room, uniq_menkaure,
          uniq_blork_the_orc
D:7:      xom_shifter_show, minmay_temple_entry_statues_fountains,
          uniq_crazy_yiuf_cottage
D:8:      kiku_gazebo_garden_becter, serial_shops, shop, uniq_grum, uniq_erica,
          uniq_psyche
D:9:      hiddenorc2_lemuel
D:10:     lemuel_upstairs_altar, uniq_fannar, uniq_snorg, uniq_harold
D:11:     minmay_distorted_concentric_squares, lair_entry_dummy, serial_shops,
          shop, grunt_ogre_cave
D:13:     hangedman_vaults_entry_quadrant_bands, lab_entry_generic,
          grunt_tough_drop
D:14:     basic_altar, grunt_decor_cap, uniq_agnes
D:15:     gammafunk_enter_depths_forms
Lair:1:   infiniplex_staircase_pool
Lair:3:   swamp_mist_pool, minmay_snake_entry_guardpost_small, st_stairs_7,
          uniq_nergalle
Lair:4:   pond, uniq_rupert, uniq_urug
Lair:5:   beast_lair_carwin_large_1, serial_bayou, serial_bayou_pond_c,
          serial_bayou_lagoon_a, serial_bayou_pond_e, serial_bayou_pond_b
Lair:6:   hangedman_lair_caniforms_friends, wormcave,
          dpeg_slime_entry_enclosed_altar, bobbens_dragon_lair_wall
Swamp:1:  hangedman_swamp_lotus, uniq_aizul, uniq_nikola, uniq_roxanne
Snake:1:  st_stairs_6, minmay_shoptagon
Snake:2:  spider_trap
Snake:3:  library_closet
Snake:4:  snake_pit, spider_trap, serial_bayou_pond_e, st_stairs_11
Slime:1:  cheibrodos_slime_lost_civilization_5
Orc:1:    trog_book
Orc:2:    st_orc_mages, serial_shops, shop, guppyfry_library_mini
Depths:1: cheibrodos_quadrivalence, enter_ziggurat_e, hellmouth_1,
          hangedman_abyss_entry_splay, pan_entry, kennysheep_generic_room_5
Lab:      labyrinth_watery, nicolae_lab_quarters, nicolae_lab_flowing_pool,
          labyrinth_glass_1, nicolae_lab_hexagon, nicolae_lab_checkerboard

Skill      XL: |  1  2  3  4  5  6  7  8  9 10 11 12 13 14 15 16 17 |
---------------+----------------------------------------------------+-----
Axes           | 4 6 7 8 9 11 13 15 18 19 21 23 24 26 | 26.0
Fighting       | 4 5 6 7 8 10 11 12 13 14 16 18 | 18.7
Dodging        | 3 4 5 6 7 8 |  8.2
Armour         | 3 4 6 7 9 10 11 13 15 | 15.8
Evocations     | 2 |  2.2

Action                   |  1- 3 |  4- 6 |  7- 9 | 10-12 | 13-15 | 16-18 || total
-------------------------+-------+-------+-------+-------+-------+-------++-------
Melee: Hand axe          |    59 |   132 |       |       |       |       ||   191
       Headbutt          |     6 |    19 |    37 |    90 |   222 |   208 ||   582
       War axe           |       |    10 |   206 |    74 |       |       ||   290
       Broad axe         |       |       |       |   281 |       |       ||   281
       Executioner's axe |       |       |       |    19 |   758 |   628 ||  1405
Invok: Berserk           |     1 |       |     4 |     4 |     3 |     1 ||    13
       Brothers in Arms  |       |       |       |     1 |     4 |     3 ||     8
       Trog's Hand       |       |       |       |       |     1 |     1 ||     2
Evoke: Wand              |       |       |       |       |     3 |       ||     3
  Use: Scroll            |       |       |       |    11 |    19 |     2 ||    32
       Potion            |       |       |       |       |     5 |     3 ||     8
 Stab: Sleeping          |       |     1 |       |       |       |       ||     1
       Confused          |       |       |       |       |     1 |       ||     1
  Eat: Chunk             |       |     7 |     6 |    17 |    31 |    13 ||    74
       Ration            |       |       |     2 |     1 |     4 |     6 ||    13
Armor: Animal skin       |    12 |    11 |       |       |       |       ||    23
       Ring mail         |       |     2 |    71 |   114 |    14 |       ||   201
       Plate armour      |       |       |       |       |   440 |   274 ||   714
Dodge: Dodged            |    29 |    81 |   101 |   219 |   530 |   360 ||  1320
Block: Other             |       |       |       |       |    51 |    35 ||    86
       Reflection        |       |       |       |       |     1 |     3 ||     4

Table legend:
 A = Spawn XP
 B = Non-spawn XP
 C = Spawn XP percentage of total XP
 D = Spawn monster count
 E = Non-spawn monster count
 F = Spawn count percentage of total count
 G = Total turns spent on level
                    A         B        C        D         E        F      G
               +---------+---------+-------+---------+---------+-------+---------
         Total |       0 |  289294 |   0.0 |       0 |    1123 |   0.0 | 31596
               +---------+---------+-------+---------+---------+-------+---------
           D:1 |       0 |      43 |   0.0 |       0 |      20 |   0.0 |   797
           D:2 |       0 |     266 |   0.0 |       0 |      18 |   0.0 |   770
           D:3 |       0 |     184 |   0.0 |       0 |      24 |   0.0 |   596
           D:4 |       0 |     348 |   0.0 |       0 |      19 |   0.0 |   769
           D:5 |       0 |     803 |   0.0 |       0 |      21 |   0.0 |  1163
           D:6 |       0 |     640 |   0.0 |       0 |      13 |   0.0 |   596
           D:7 |       0 |     677 |   0.0 |       0 |      13 |   0.0 |   658
           D:8 |       0 |    4661 |   0.0 |       0 |      42 |   0.0 |   960
           D:9 |       0 |    2673 |   0.0 |       0 |      55 |   0.0 |   873
          D:10 |       0 |   13284 |   0.0 |       0 |      57 |   0.0 |  1337
          D:11 |       0 |    6283 |   0.0 |       0 |      28 |   0.0 |   969
          D:12 |       0 |    3529 |   0.0 |       0 |      32 |   0.0 |   702
          D:13 |       0 |   17638 |   0.0 |       0 |      66 |   0.0 |   825
          D:14 |       0 |   10973 |   0.0 |       0 |      28 |   0.0 |  1504
          D:15 |       0 |   17702 |   0.0 |       0 |      50 |   0.0 |   975
        Lair:1 |       0 |    6305 |   0.0 |       0 |      31 |   0.0 |  1227
        Lair:2 |       0 |    4002 |   0.0 |       0 |      22 |   0.0 |   538
        Lair:3 |       0 |    5323 |   0.0 |       0 |      24 |   0.0 |   848
        Lair:4 |       0 |    9900 |   0.0 |       0 |      25 |   0.0 |  1795
        Lair:5 |       0 |   14562 |   0.0 |       0 |      43 |   0.0 |   948
        Lair:6 |       0 |   34972 |   0.0 |       0 |     133 |   0.0 |  2397
       Swamp:1 |       0 |    4820 |   0.0 |       0 |      18 |   0.0 |   141
       Snake:1 |       0 |    5609 |   0.0 |       0 |      14 |   0.0 |   850
       Snake:2 |       0 |   20833 |   0.0 |       0 |      40 |   0.0 |  2066
       Snake:3 |       0 |   26485 |   0.0 |       0 |      47 |   0.0 |  1708
       Snake:4 |       0 |   59570 |   0.0 |       0 |      92 |   0.0 |  3132
         Orc:1 |       0 |    2844 |   0.0 |       0 |      40 |   0.0 |   478
         Orc:2 |       0 |   11834 |   0.0 |       0 |     101 |   0.0 |  1273
      Depths:1 |       0 |     494 |   0.0 |       0 |       2 |   0.0 |   127
           Lab |       0 |    2037 |   0.0 |       0 |       5 |   0.0 |   572
               +---------+---------+-------+---------+---------+-------+---------
